AoeStats
← Flight of the Shoes

Lombardia

509395543Analyzed
3v3 RM · 5d ago on Sep 26, 2026· 54m 0s· 6 players
Game mode
Random Map
Map size
Normal (6 player)
Population
200
Speed
Normal
Resources
Standard
Victory
Conquest
Starting age
Dark Age
Ending age
Imperial Age
RankedLock teamsTeams togetherTeam positionsShared explorationLock speedFull tech treeHidden civsTurbo modeCheats
Victory
Defeat
🇺🇸 Malians · United States
967
+13
🇺🇸 Koreans · United States
925
+15
🇺🇸 Khitans · United States
920
+15
🇨🇿 Italians · Czechia
928
-15
🇨🇦 Danes · Canada
907
-15
🇨🇱 Slavs · Chile
864
-13
Broseidon
11:07 Feudal Age
10:24 Loom
12:48 Double-Bit Axe
21:04 Castle Age
22:29 Stone Mining
25:10 Squires
24:56 Gambesons
24:32 Man-at-Arms
27:43 Long Swordsman
28:12 Arson
29:47 Pikeman
32:21 Fletching
32:43 Forging
32:33 Scale Mail Armor
32:52 Masonry
33:16 Bodkin Arrow
34:27 Caravan
40:30 Imperial Age
37:55 Gold Mining
38:11 Hamask
40:04 Bow Saw
40:17 Chain Mail Armor
40:38 Iron Casting
40:33 Elite Varangian Guard
40:34 Two-Handed Swordsman
41:05 Capped Ram
43:49 Plate Mail Armor
46:12 Conscription
47:23 Blast Furnace
46:43 Halberdier
Chillpia
11:46 Feudal Age
10:04 Loom
13:25 Wheelbarrow
13:49 Horse Collar
15:02 Double-Bit Axe
16:58 Fletching
22:59 Castle Age
25:07 Bow Saw
25:41 Bodkin Arrow
32:15 Heavy Plow
33:09 Padded Archer Armor
34:10 Hand Cart
35:04 Gold Mining
39:08 Imperial Age
36:26 Town Watch
36:57 Caravan
37:50 Leather Archer Armor
38:58 Town Patrol
40:51 Conscription
42:23 Hoardings
41:54 Bracer
42:26 Ring Archer Armor
42:07 Murder Holes
42:23 Masonry
43:20 Chemistry
42:33 Elite Genoese Crossbowman
47:30 Architecture
47:28 Ballistics
<Jericho 941>
1:34 Loom
11:34 Feudal Age
16:17 Double-Bit Axe
16:14 Horse Collar
18:11 Man-at-Arms
19:46 Forging
19:36 Scale Mail Armor
23:03 Castle Age
21:52 Gold Mining
22:28 Stone Mining
23:37 Town Watch
32:40 Ballistics
32:16 Fletching
33:28 Murder Holes
35:44 Husbandry
36:03 Padded Archer Armor
37:25 Wheelbarrow
37:24 Bloodlines
40:11 Bow Saw
40:07 Heavy Plow
41:02 Hand Cart
41:51 Sanctity
41:13 Elite Skirmisher
43:49 Fortified Wall
46:17 Imperial Age
44:26 Detinets
45:35 Scale Barding Armor
46:05 Iron Casting
45:56 Bodkin Arrow
46:43 Gold Shaft Mining
47:36 Redemption
47:22 Heavy Scorpion
48:32 Conscription
48:40 Chain Barding Armor
Dislocated Shoulder
12:18 Feudal Age
13:12 Double-Bit Axe
16:50 Forging
20:34 Wheelbarrow
24:46 Castle Age
22:42 Stone Mining
23:26 Gold Mining
23:18 Domestication
25:54 Pastoralism
26:06 Bow Saw
26:48 Iron Casting
28:45 Scale Barding Armor
28:55 Husbandry
31:25 Stone Shaft Mining
34:53 Gambesons
35:22 Squires
35:11 Arson
38:48 Imperial Age
37:09 Hand Cart
37:19 Pikeman
38:19 Scale Mail Armor
39:18 Elite Fire Lancer
41:24 Two-Man Saw
44:22 Conscription
43:27 Heavy Rocket Cart
43:38 Heavy Rocket Cart
46:16 Chain Mail Armor
Angry Bull Saloon
3:00 Loom
12:36 Feudal Age
13:11 Horse Collar
13:19 Man-at-Arms
14:48 Double-Bit Axe
16:18 Wheelbarrow
22:30 Castle Age
20:55 Bloodlines
21:07 Gold Mining
21:11 Stone Mining
22:01 Scale Barding Armor
22:16 Forging
25:03 Husbandry
26:47 Iron Casting
29:16 Pikeman
30:20 Chain Barding Armor
32:06 Bow Saw
33:19 Hand Cart
37:41 Imperial Age
38:25 Fletching
38:36 Padded Archer Armor
38:36 Scale Mail Armor
39:11 Plate Barding Armor
38:03 Elite Skirmisher
39:06 Ballistics
39:51 Chemistry
39:21 Conscription
40:20 Bodkin Arrow
40:41 Leather Archer Armor
40:42 Chain Mail Armor
41:13 Caravan
41:32 Farimba
41:06 Cavalier
Flight of the Shoes
1:08 Loom
12:02 Feudal Age
15:02 Double-Bit Axe
16:46 Horse Collar
17:13 Stone Mining
19:56 Castle Age
18:52 Wheelbarrow
18:47 Fletching
20:00 Gold Mining
21:14 Bow Saw
22:06 Wheelbarrow
24:26 Scale Mail Armor
27:18 Gold Shaft Mining
27:30 Squires
29:28 Pikeman
30:44 Hand Cart
35:49 Imperial Age
33:28 Bodkin Arrow
33:52 Chain Mail Armor
33:48 Forging
35:36 Fortified Wall
37:55 Two-Man Saw
36:50 Elite Fire Lancer
37:11 Heavy Rocket Cart
37:19 Halberdier
38:24 Conscription
41:05 Siege Engineers
42:01 Chemistry
40:53 Arson
41:42 Plate Mail Armor
41:48 Iron Casting
41:11 Bodkin Arrow
45:41 Caravan
Connection lost

Rejoining the realm…

Still unreachable

The connection could not be restored.

Session expired

The server has moved on; the page needs a fresh start.